 Dungeon Sprint DCSS version 0.26.1-11-gd32895ea62 (webtiles) character file.

Game seed: 16572968991138996430

1009 Zeld the Geomancer (level 8, -5/54 HPs)
             Began as a Gargoyle Earth Elementalist on June 11, 2021.
             Was a Follower of Sif Muna.
             Slain by a deep troll (15 damage)
             ... in the Dungeon (Sprint I: "Red Sonja").
             The game lasted 00:02:08 (1681 turns).

Zeld the Geomancer (Gargoyle Earth Elementalist)    Turns: 1681, Time: 00:02:09

Health: -5/54      AC:  7    Str: 12    XL:     8   Next: 21%
Magic:  6/18       EV: 14    Int: 18    God:    Sif Muna [*.....]
Gold:   648        SH:  0    Dex: 10    Spells: 5/20 levels left

rFire    . . .     SeeInvis .   (no weapon)
rCold    . . .     Faith    .   (no shield)
rNeg     + . .     Spirit   .   c - +0 robe
rPois    ∞         Reflect  .   (no helmet)
rElec    +         Harm     .   (no cloak)
rCorr    .         Rampage  .   (no gloves)
Will     .....     NoTele   +   (no boots)
Stlth    ++........             (no amulet)
HPRegen  0.18/turn              (no ring)
MPRegen  0.16/turn              (no ring)

@: no status effects
A: negative energy resistance 1, electricity resistance, unbreathing,
petrification resistance, miasma immunity, AC +5
a: Renounce Religion, Channel Magic


You were in the Dungeon.
You worshipped Sif Muna.
Sif Muna was aware of your devotion.
You visited 1 branch You collected 648 gold pieces.

Inventory:

Missiles
 b - 28 stones (quivered)
Armour
 c - a +0 robe (worn)
Scrolls
 h - a scroll of magic mapping {unknown}
 i - a scroll of blinking
 k - a scroll of amnesia {unknown}
Potions
 a - a potion of attraction {unknown}
 d - 4 potions of curing
 e - a potion of heal wounds
 f - a potion of haste
 g - 2 potions of magic
 j - a potion of resistance {unknown}


   Skills:
 + Level 7.8 Fighting
 + Level 6.3 Dodging
 - Level 3.0 Stealth
 + Level 6.9 Spellcasting
 + Level 6.4 Conjurations
 - Level 1.0 Transmutations
 * Level 12.6 Earth Magic


You had 5 spell levels left.
You knew the following spells:

 Your Spells              Type           Power        Failure   Level
a - Sandblast             Erth           100%         1%          1
b - Passwall              Tmut/Erth      25%          1%          2
c - Stone Arrow           Conj/Erth      80%          1%          3
d - Petrify               Tmut/Erth      30%          7%          4
e - Lee's Rapid Deconstr  Erth           25%          1%          5

Your spell library contained the following spells:

 Spells                   Type           Power        Failure   Level


Dungeon Overview and Level Annotations

Branches:
Dungeon (1/1)

Altars:
Cheibriados
Dithmenos
Elyvilon
Fedhas
Gozag
Hepliaklqana
Kikubaaqudgha
Nemelex Xobeh
Okawaru
Qazlal
Ru
Sif Muna
Trog
Uskayaw
Vehumet
Wu Jian
Yredelemnul
Zin
The Shining One

Shops:
D =


Innate Abilities, Weirdness & Mutations

You are resistant to torment.
Your stone body is resilient. (AC +5)
You are immune to poison.
You resist negative energy. (rN+)
You are resistant to electric shocks. (rElec)
You can survive without breathing.
You are immune to petrification.
You are immune to miasma.


Message History

You see here a +0 giant club.
There is an open door, spattered with blood here.
You see here a +0 leather armour.
There is a fountain of clear blue water here.
Casting: Lee's Rapid Deconstruction (dangerous; 1% risk of failure)
Confirm with . or Enter, or press ? or * to list all spells.
Aiming: Passwall (safe; 1% risk of failure)
Press: ? - help, Dir - move target A rock wall.
The deep troll bites you! The deep troll misses you.
The deep troll barely misses you.
You begin to meditate on the wall.
You continue meditating on the rock.
The deep troll bites you!
* * * LOW HITPOINT WARNING * * *
The deep troll claws you but does no damage.
The deep troll claws you.
* * * LOW HITPOINT WARNING * * *
You continue meditating on the rock.
The deep troll barely misses you. The deep troll claws you!
You die...

################
#<.#..)..#..'..#
#..[..#..').#..+
#..#####'#####'#
#..####..#...#.#
#..#__####..##.#
#.T#_____##'#_.+
#⌠@#_.∩...'.(._#
####_..__##_(#'#
#..#_____###(#)#
############.####+#
+.).'$$.$ #...#####
###.### #.#'#.#
#.....#


You could see a deep troll.

Vanquished Creatures
  Sonja (D)
  Sigmund (D)
  A yak (D)
  An ogre (D)
  A jelly (D)
  Ijyb (D)
6 creatures vanquished.

Vanquished Creatures (others)
  A merfolk siren (D)
  A gargoyle (D)
  2 hornets (D)
  2 ballistomycete spores (D)
6 creatures vanquished.

Grand Total: 12 creatures vanquished

Notes
Turn   | Place    | Note
-------+----------+-------------------------------------------
     0 | D        | Zeld the Gargoyle Earth Elementalist began the quest for
                  | the Orb.
     0 | D        | Reached XP level 1. HP: 10/10 MP: 3/3
   103 | D        | Noticed Ijyb
   114 | D        | Killed Ijyb
   115 | D        | Reached skill level 1 in Transmutations
   115 | D        | Reached skill level 5 in Earth Magic
   115 | D        | Reached XP level 2. HP: 17/17 MP: 0/6
   115 | D        | Reached XP level 3. HP: 21/21 MP: 0/7
   158 | D        | Learned a level 2 spell: Passwall
   162 | D        | Learned a level 3 spell: Stone Arrow
   377 | D        | Noticed an ogre
   381 | D        | Killed an ogre
   382 | D        | Reached skill level 7 in Earth Magic
   382 | D        | Reached XP level 4. HP: 29/29 MP: 3/10
   387 | D        | Learned a level 4 spell: Petrify
   555 | D        | Noticed Sigmund
   559 | D        | Killed Sigmund
   560 | D        | Reached skill level 5 in Fighting
   560 | D        | Reached skill level 5 in Spellcasting
   560 | D        | Reached skill level 9 in Earth Magic
   560 | D        | Reached XP level 5. HP: 35/35 MP: 8/12
   560 | D        | Reached XP level 6. HP: 40/40 MP: 8/13
   566 | D        | Learned a level 5 spell: Lee's Rapid Deconstruction
   754 | D        | Found an ornate altar of the Wu Jian Council.
   754 | D        | Found a shimmering blue altar of Sif Muna.
   759 | D        | Found a radiant altar of Vehumet.
   765 | D        | Became a worshipper of Sif Muna the Loreminder
   833 | D        | Killed a hornet
   881 | D        | Killed a hornet
  1026 | D        | Found Hipses's Jewellery Emporium.
  1026 | D        | Found an ancient bone altar of Kikubaaqudgha.
  1026 | D        | Found a hazy altar of Hepliaklqana.
  1026 | D        | Found a hide-covered altar of Uskayaw.
  1026 | D        | Found a basalt altar of Yredelemnul.
  1026 | D        | Found an opulent altar of Gozag.
  1026 | D        | Found a snail-covered altar of Cheibriados.
  1026 | D        | Found a sacrificial altar of Ru.
  1026 | D        | Found a shadowy altar of Dithmenos.
  1026 | D        | Noticed a yak
  1027 | D        | Found a stormy altar of Qazlal.
  1027 | D        | Found a blossoming altar of Fedhas.
  1027 | D        | Found a bloodstained altar of Trog.
  1027 | D        | Found an iron altar of Okawaru.
  1027 | D        | Found a glowing silver altar of Zin.
  1046 | D        | Killed a yak
  1047 | D        | Reached skill level 5 in Dodging
  1047 | D        | Reached skill level 10 in Earth Magic
  1047 | D        | Reached XP level 7. HP: 19/47 MP: 0/15
  1230 | D        | Killed a gargoyle
  1239 | D        | Found a glowing golden altar of the Shining One.
  1239 | D        | Found a white marble altar of Elyvilon.
  1241 | D        | Found a sparkling altar of Nemelex Xobeh.
  1241 | D        | Killed a merfolk siren
  1263 | D        | Noticed Sonja
  1268 | D        | Killed Sonja
  1268 | D        | Reached * piety under Sif Muna
  1269 | D        | Reached skill level 12 in Earth Magic
  1269 | D        | Reached XP level 8. HP: 54/54 MP: 3/18
  1650 | D        | Noticed a deep troll
  1681 | D        | Slain by a deep troll

Illustrated notes

Levels and vault maps discovered:
D:        dungeon_sprint_1 [red_sonja_temple_1, red_sonja_temple_small_1]

Skill      XL: |  1  2  3  4  5  6  7 |
---------------+----------------------+-----
Fighting       | 2 4 5 6 7 |  7.8
Dodging        | 2 3 4 5 6 |  6.3
Stealth        | 3 |  3.0
Spellcasting   | 3 4 5 6 |  6.9
Transmutations | 1 |  1.0
Earth Magic    | 5 7 9 10 12 | 12.6
Conjurations   | 3 4 6 |  6.4

Action                   |  1- 3 |  4- 6 |  7- 9 || total
-------------------------+-------+-------+-------++-------
Melee: Unarmed           |     7 |       |       ||     7
 Cast: Sandblast         |     7 |     5 |       ||    12
       Passwall          |     2 |       |     1 ||     3
       Stone Arrow       |       |     5 |     4 ||     9
       Lee's Rapid Decon |       |       |     3 ||     3
  Use: Potion            |     1 |       |       ||     1
Armor: Robe              |     1 |       |     1 ||     2
Dodge: Dodged            |     4 |     2 |     6 ||    12
